 Dungeon Crawl Stone Soup version 0.30.1-3-gfc49f6343a (webtiles) character file.

Game seed: 5202634597949622237

46 Descartes the Grasshopper (level 3, 0/27 HPs)
             Began as a Formicid Warper on July 30, 2023.
             Slain by an adder (4 damage)
             ... on level 2 of the Dungeon.
             The game lasted 00:01:55 (1437 turns).

Descartes the Grasshopper (Formicid Warper)         Turns: 1437, Time: 00:01:56

Health: 0/27       AC:  3    Str: 17    XL:     3   Next: 95%
Magic:  6/6        EV: 11    Int: 12    God:
Gold:   56         SH:  0    Dex: 13    Spells: 6/6 levels left

rFire   . . .        e - +0 broad axe (freeze)
rCold   . . .        (no shield)
rNeg    . . .        b - +0 leather armour
rPois   .            (helmet unavailable)
rElec   .            (no cloak)
rCorr   .            (no gloves)
SInv    +            (no boots)
Will    .....        (no amulet)
Stlth   +            (no ring)
HPRegen 0.24/turn    (no ring)
MPRegen 0.10/turn

%: no passive effects
@: no status effects
A: permanent stasis, dig shafts and tunnels, antennae 3, four strong arms
a: Dig, Shaft Self


You were on level 2 of the Dungeon.
You visited 1 branch of the dungeon, and saw 2 of its levels.

You collected 56 gold pieces.

Inventory:

Hand Weapons
 e - a +0 broad axe of freezing (weapon)
Missiles
 d - 7 boomerangs of dispersal (quivered)
Armour
 b - a +0 leather armour (worn)
Scrolls
 c - 2 scrolls of blinking
 f - a scroll of enchant armour {unknown}
 g - 2 scrolls of identify {unknown}
Potions
 a - a potion of haste {unknown}
 h - a potion of curing {unknown}


   Skills:
 - Level 2.1 Fighting
 + Level 2.7 Axes
 - Level 1.0 Throwing
 + Level 2.3 Armour
 - Level 1.7 Dodging
 - Level 2.1 Spellcasting
 + Level 3.2 Translocations


You had 6 spell levels left.
You didn't know any spells.
Your spell library contained the following spells:

 Spells                   Type           Power      Damage    Failure   Level
 Lesser Beckoning         Tloc           18%        N/A       13%         2
 Teleport Other           Tloc           9%         N/A       26%         3
 Manifold Assault         Tloc           9%         N/A       63%         4
 Storm Form               Tmut/Air       0%         N/A       100%        7
 Blink                    Tloc           Unusable   N/A       N/A         2
 Vhi's Electric Charge    Tloc/Air       Unusable   N/A       N/A         3

Dungeon Overview and Level Annotations

Branches:
Dungeon (2/15)

Altars:

Annotations:
D:2 Terence


Innate Abilities, Weirdness & Mutations

You cannot be hasted, slowed, berserked, paralysed or teleported.
You can dig through walls and to a lower floor.
You have a pair of large antennae on your head. (SInv)
Your four strong arms can wield two-handed weapons with a shield.


Message History

Terence hits you with a +0 short sword.
You closely miss the adder.
The adder is heavily wounded.
You hit Terence but do no damage. The adder barely misses you. x2
Terence hits you with a +0 short sword.
You barely miss the adder. Your punch misses the adder.
The adder is heavily wounded.
You hit Terence. You freeze Terence. The adder bites you.
Terence hits you with a +0 short sword. The adder bites you.
You are poisoned.
The adder poisons you!
You are too injured to fight recklessly!
You are too injured to fight recklessly!
You are too injured to fight recklessly!
You are too injured to fight recklessly!
You are too injured to fight recklessly!
You are too injured to fight recklessly!
You are too injured to fight recklessly!
You are too injured to fight recklessly!
You are too injured to fight recklessly!
You are too injured to fight recklessly!
You are too injured to fight recklessly!
You are too injured to fight recklessly!
You are too injured to fight recklessly!
You are too injured to fight recklessly!
You are too injured to fight recklessly!
You feel sick. The adder attacks as you move away! The adder bites you.
You feel sick. The adder bites you.
You barely miss the adder.
The adder is heavily wounded.
You feel sick. The adder bites you.
* * * LOW HITPOINT WARNING * * *
The adder barely misses you.
You barely miss the adder.
The adder is heavily wounded.
You feel sick.
You are no longer poisoned.
The adder bites you.
You die...

#######.##.##.#
#.......##.##.# #####
#.#####.......#
#...####.##..#.##.####
#.#..........#.##.########
#...####.###.............#
##.## #...........###.#.#
#.# #####.###...###.# #
#.# #@# ###.##.†# # #.####
####S#####.##.##.# #....#
#...@...##.......# ####.#
#.......#####.#### #.#
#.......#####.#### ####.#
#.......##.......## #....#
#.......##........# #.####
#.......##..#.##..# #.#
#.......##..#..#..#


You could see Terence and an adder.

Vanquished Creatures
  3 dart slugs
  2 bats
  3 endoplasms
  2 giant cockroaches (D:1)
  3 goblins
  2 hobgoblins
  6 jackals (D:1)
  4 kobolds
  A quokka (D:1)
  4 ball pythons (D:1)
  3 frilled lizards (D:1)
  4 rats
37 creatures vanquished.

Notes
Turn   | Place    | Note
-------+----------+-------------------------------------------
     0 | D:1      | Descartes the Formicid Warper began the quest for the Orb.
     0 | D:1      | Reached XP level 1. HP: 16/16 MP: 3/3
    46 | D:1      | Reached XP level 2. HP: 10/22 MP: 5/5
   239 | D:1      | Reached skill level 3 in Translocations
   297 | D:1      | Reached XP level 3. HP: 27/27 MP: 6/6
  1426 | D:2      | Noticed Terence
  1437 | D:2      | Slain by an adder

Illustrated notes

Levels and vault maps discovered:
D:1:      elethiomel_arrival_infinity_welcomes_careful_drivers,
          layout_loops_ring, minmay_misc_feat_enclosed, chequers_avenue
D:2:      layout_loops_cross, basic_altar, uniq_terence

Skill      XL: |  1  2  3 |
---------------+----------+-----
Translocations | 3 |  3.2
Armour         | 2 |  2.3
Fighting       | |  2.1
Axes           | |  2.7
Throwing       | |  1.0
Dodging        | |  1.7
Spellcasting   | |  2.1

Action                     || total
---------------------------++-------
  Melee: Hand axe          ||    14
         Broad axe         ||   119
   Stab: Sleeping          ||     1
 Armour: Leather armour    ||    50
  Dodge: Dodged            ||   115
